AoeStats
← borgqueen

Golden Pit

509229498Analyzed
1v1 RM · 6d ago on Sep 26, 2026· 44m 26s· 2 players
Game mode
Random Map
Map size
Tiny (2 player)
Population
200
Speed
Normal
Resources
Standard
Victory
Conquest
Starting age
Dark Age
Ending age
Imperial Age
RankedLock teamsTeams togetherTeam positionsShared explorationLock speedFull tech treeHidden civsTurbo modeCheats
Victory
Defeat
🇨🇦 Mongols · Canada
1136
+16
🇦🇺 Portuguese · Australia
1143
-16
dteeuwsen17
8:57 Feudal Age
12:13 Loom
16:13 Castle Age
16:53 Bloodlines
16:27 Crossbowman
17:45 Fletching
19:31 Bodkin Arrow
26:46 Double-Bit Axe
30:25 Bow Saw
29:58 Horse Collar
30:54 Wheelbarrow
30:07 Town Watch
31:59 Gold Mining
32:01 Stone Mining
32:16 Heavy Plow
37:10 Imperial Age
34:57 Husbandry
35:29 Thumb Ring
35:27 Padded Archer Armor
36:15 Hand Cart
36:45 Leather Archer Armor
37:29 Ballistics
38:21 Elite Mangudai
39:24 Conscription
39:17 Bracer
40:22 Chemistry
43:51 Town Patrol
borgqueen
5:24 Loom
10:17 Feudal Age
10:35 Man-at-Arms
11:49 Double-Bit Axe
15:38 Horse Collar
20:42 Castle Age
19:51 Padded Archer Armor
21:11 Fletching
22:09 Bodkin Arrow
22:29 Leather Archer Armor
23:06 Elite Skirmisher
25:52 Pikeman
27:38 Forging
27:31 Scale Mail Armor
28:13 Bow Saw
32:12 Iron Casting
31:53 Chain Mail Armor
36:11 Wheelbarrow
35:22 Town Watch
35:31 Gold Mining
42:06 Imperial Age
44:27 Hand Cart
45:31 Chemistry
Connection lost

Rejoining the realm…

Still unreachable

The connection could not be restored.

Session expired

The server has moved on; the page needs a fresh start.